 Dungeon Crawl Stone Soup version 0.27-a0-1206-g6342a01c75 (webtiles) character file.

Game seed: 11818473463598102614

329 Glokmah the Charlatan (level 6, -18/49 HPs)
             Began as a Demonspawn Artificer on June 5, 2021.
             Demolished by an ogre
             ... wielding a +0 giant spiked club
              (29 damage)
             ... on level 4 of the Dungeon.
             The game lasted 00:06:26 (4592 turns).

Glokmah the Charlatan (Demonspawn Artificer)        Turns: 4592, Time: 00:06:27

Health: -18/49     AC:  8    Str: 20    XL:     6   Next: 25%
Magic:  6/6        EV: 10    Int: 12    God:
Gold:   180        SH:  0    Dex: 14    Spells: 5/5 levels left

rFire    . . .     SeeInvis .   a - +0 short sword
rCold    . . .     Faith    .   (no shield)
rNeg     . . .     Spirit   .   l - +0 scale mail
rPois    +         Reflect  .   (helmet restricted)
rElec    .         Harm     .   (no cloak)
rCorr    .         Rampage  .   (no gloves)
Will     .....                  (no boots)
Stlth    ..........             (no amulet)
HPRegen  0.16/turn              j - +6 ring of strength
MPRegen  0.10/turn              f - ring of poison resistance

@: no status effects
A: antennae 1, rugged brown scales 2, spiny 1
a: no special abilities


You were on level 4 of the Dungeon.
You visited 1 branch of the dungeon, and saw 4 of its levels.
You also visited: Sewer.

You collected 180 gold pieces.

Inventory:

Hand Weapons
 a - a +0 short sword (weapon)
Missiles
 b - 100 stones
 q - a poisoned dart (quivered)
Armour
 l - a +0 scale mail (worn)
Jewellery
 f - a ring of poison resistance (right hand)
 j - a +6 ring of strength (left hand)
 p - a ring of resist corrosion
Wands
 c - a wand of flame (2)
 d - a wand of charming (14)
Potions
 g - 2 potions of haste {unknown}
 i - a potion of invisibility {unknown}
 k - 4 potions of curing
 m - 3 potions of flight
Miscellaneous
 e - a piece from Xom's chessboard (15/15)


   Skills:
 + Level 3.6 Fighting
 - Level 1.7 Armour
 - Level 0.8 Dodging
 - Level 0.8 Stealth
 * Level 6.1 Evocations


You had 5 spell levels left.
You didn't know any spells.
Your spell library was empty.

Dungeon Overview and Level Annotations

Branches:
Dungeon (4/15)              Sewer (visited)
 Temple: D:4-7

Altars:

Annotations:
D:4 2 transporters, koorschki's ghost, weakling DsDe


Innate Abilities, Weirdness & Mutations

You have a pair of small antennae on your head.
You are mostly covered in rugged brown scales. (AC +2, +5% HP)
You are partially covered in sharp spines.


Message History

The ogre looks more healthy.
There is an open door here.
Throw: 3 darts (poison)
Press: ? - help, Q - select action, (/) - cycle Shift-Dir - straight line, f/p - ogre
Aim: an ogre, wielding a +0 giant spiked club (heavily wounded, 74% to hit)
You throw a poisoned dart.
The poisoned dart completely misses the ogre.
The ogre closely misses you.
You hit the ogre.
The ogre is severely wounded.
The ogre closely misses you.
You barely miss the ogre.
The ogre is heavily wounded.
The ogre hits you with a +0 giant spiked club.
You hit the ogre.
The ogre is severely wounded.
You hit the ogre but do no damage.
The ogre is severely wounded.
The ogre hits you with a +0 giant spiked club.
You hit the ogre.
The ogre is severely wounded.
The ogre hits you with a +0 giant spiked club!
You hit the ogre but do no damage.
The ogre is severely wounded.
The ogre misses you.
Your scale mail prevents you from hitting the ogre.
The ogre is severely wounded.
The ogre is struck by your spines.
The ogre hits you with a +0 giant spiked club!
* * * LOW HITPOINT WARNING * * *
Koorschki's ghost grins evilly.
Throw: 2 darts (poison)
Press: ? - help, Q - select action, (/) - cycle Shift-Dir - straight line, f/p - ogre
Aim: an ogre, wielding a +0 giant spiked club (severely wounded, 74% to hit)
You throw a poisoned dart.
The poisoned dart barely misses the ogre.
The ogre is struck by your spines.
The ogre hits you with a +0 giant spiked club!!
Ouch! That really hurt!
You die...

+.....#..##..#.#.#
#.....#..##.W#.#.########
#.....#.#..#O#.#........## .
#...# ....{O#.####....(.#
..##...#########....##.....#
...'.>........#.....'......#
..(#..........#.....#......#
..(#...^(.....'.....#......#
...#..........#O@...########
.(##...#......#.....## >.
#####......#......# ..
#.######.....## .. ###
##....# #.....# #.....## .
#......# .. #.....<#


You could see 3 ogres and koorschki's ghost.

Vanquished Creatures
  A kobold brigand (Sewer)
  A scorpion (D:4)
  2 gnolls (D:4)
  7 adders
  2 river rats
  3 worms (D:2)
  3 dart slugs
  An orc (D:4)
  3 ball pythons
  7 endoplasms
  2 giant cockroaches
  5 hobgoblins
  4 jackals
  2 quokkas
  5 bats
  4 frilled lizards
  5 kobolds
  9 rats
66 creatures vanquished.

Vanquished Creatures (collateral kills)
  2 gnolls (D:4)
  2 river rats (D:4)
  An adder skeleton (D:4)
  An endoplasm (D:4)
6 creatures vanquished.

Grand Total: 72 creatures vanquished

Notes
Turn   | Place    | Note
-------+----------+-------------------------------------------
     0 | D:1      | Glokmah the Demonspawn Artificer began the quest for the
                  | Orb.
     0 | D:1      | Reached XP level 1. HP: 15/15 MP: 1/1
   310 | D:1      | Gained mutation: You are partially covered in rugged brown
                  | scales. (AC +1, +3% HP) [demonic ancestry]
   310 | D:1      | Reached XP level 2. HP: 13/21 MP: 2/2
  1218 | D:2      | Found a faded altar of an unknown god.
  1580 | D:2      | Gained mutation: You are partially covered in sharp spines.
                  | [demonic ancestry]
  1580 | D:2      | Reached XP level 3. HP: 27/27 MP: 3/3
  1665 | D:2      | Reached skill level 4 in Evocations
  2137 | D:2      | Gained mutation: You have a pair of small antennae on your
                  | head. [demonic ancestry]
  2137 | D:2      | Reached XP level 4. HP: 35/35 MP: 4/4
  3461 | D:4      | Found a glowing drain.
  3481 | D:4      | Reached skill level 5 in Evocations
  3483 | D:4      | Reached XP level 5. HP: 14/41 MP: 5/5
  3599 | Sewer    | Entered a sewer
  4159 | D:4      | Gained mutation: You are mostly covered in rugged brown
                  | scales. (AC +2, +5% HP) [demonic ancestry]
  4159 | D:4      | Reached XP level 6. HP: 36/49 MP: 6/6
  4332 | D:4      | Reached skill level 6 in Evocations
  4498 | D:4      | Found a transporter.
  4507 | D:4      | Found a transporter.
  4508 | D:4      | Noticed koorschki's ghost (weakling DsDe)
  4508 | D:4      | Identified the +1 great mace of the Everdark {distort,
                  | Will+ Stlth+}
  4592 | D:4      | Demolished by an ogre

Illustrated notes

Levels and vault maps discovered:
D:1:      dpeg_arrival_renting, layout_basic
D:2:      layout_basic, shapermc_ecumenical_altar_totnotflames,
          guppyfry_early_lair_pool
D:3:      layout_loops_corners, serial_forest, infiniplex_forest_clump_small,
          infiniplex_forest_corner_1, infiniplex_forest_straight_2,
          infiniplex_forest_clump_small, infiniplex_forest_clump_large,
          infiniplex_forest_straight_4, infiniplex_forest_lined_ring
D:4:      layout_gridville, gammafunk_ghost_smash, portal_sewer_entry_a

Skill      XL: |  1  2  3  4  5  6 |
---------------+-------------------+-----
Evocations     | 4 5 6 |  6.1
Fighting       | 2 3 |  3.6
Armour         | |  1.7
Dodging        | |  0.8
Stealth        | |  0.8

Action                   |  1- 3 |  4- 6 || total
-------------------------+-------+-------++-------
Melee: Short sword       |   130 |    76 ||   206
Throw: Dart              |       |     6 ||     6
Evoke: Wand              |     3 |    11 ||    14
  Use: Scroll            |       |     6 ||     6
 Stab: Sleeping          |     1 |       ||     1
Armor: Ring mail         |    59 |    21 ||    80
       Scale mail        |       |     1 ||     1
Dodge: Dodged            |    71 |    42 ||   113

Table legend: (Time is in decaauts)
 A = Elapsed time spent in this place.
 B = Non-inter-level travel time spent in this place.
 C = Inter-level travel time spent in this place.
 D = Time resting spent in this place.
 E = Time spent auto-exploring this place.
 F = Levels seen in this place.
 G = Mean time per level.
                   A        B        C        D        E       F      G
               +--------+--------+--------+--------+--------+-----+--------+
         Total |   4661 |   4273 |    388 |    758 |   2602 |   5 |  932.2 |
       Dungeon |   4157 |   3769 |    388 |    512 |   2465 |   4 | 1039.2 |
         Sewer |    504 |    504 |      0 |    246 |    137 |   1 |  504.0 |
               +--------+--------+--------+--------+--------+-----+--------+

Top non-repeatable levels by time:
     D:2: 1294 daAuts
     D:3: 1167 daAuts
     D:1: 1100 daAuts
     D:4: 595 daAuts
   Sewer: 504 daAuts
